 Dungeon Crawl Stone Soup version 0.31.0-12-g77e489cdc1 (webtiles) character file.

Game seed: 5768428810350727446

5838 WickedWhimsy the Fighter (level 10, 0/51 HPs)
             Began as a Vine Stalker Brigand on Mar 6, 2024.
             Was a Believer of Hepliaklqana.
             Slain by an orc warrior
             ... wielding a +0 glaive
              (12 damage)
             ... on level 9 of the Dungeon on Mar 7, 2024.
             The game lasted 00:16:22 (8645 turns).

WickedWhimsy the Fighter (Vine Stalker Brigand)     Turns: 8645, Time: 00:16:23

Health: 0/51       AC:  2    Str: 13    XL:     10   Next: 80%
Magic:  0/34       EV: 18    Int:  9    God:    Hepliaklqana [**....]
Gold:   435        SH:  0    Dex: 19    Spells: 9/9 levels left

rFire   . . .        a - +3 dagger
rCold   . . .        (no shield)
rNeg    . . .        h - +2 ring mail {Will+}
rPois   +            g - +0 helmet
rElec   .            c - +0 cloak
rCorr   +            u - +0 pair of gloves
SInv    .            (no boots)
Will    +++++        F - amulet of Tuwk {RegenMP MP+9 Str-2 Slay+2}
Stlth   +++          E - +5 ring of evasion
HPRegen 1.08/turn    B - ring of Fedhas's Inspiration {rPois Will+++ rCorr MP+9 Int-2}
MPRegen 0.64/turn

%: guardian spirit
@: corroded
A: reduced essence, fangs 3, regeneration 1, magic shield, antimagic bite, no
potion heal 2
a: Renounce Religion, Ancestor Life: Knight, Ancestor Life: Battlemage, Ancestor
Life: Hexer, Recall Ancestor, Ancestor Identity


You were on level 9 of the Dungeon.
You worshipped Hepliaklqana.
Hepliaklqana was pleased with you.
You visited 2 branches of the dungeon, and saw 10 of its levels.

You collected 1168 gold pieces.
You spent 733 gold pieces at shops.


Innate Abilities, Weirdness & Mutations

Your life essence is reduced to manifest your ancestor. (-10% HP)
You have razor-sharp teeth.
Your natural rate of healing is unusually fast.
When hurt, damage is shared between your health and your magic reserves.
Your bite disrupts and absorbs the magic of your enemies.
Potions cannot restore your health.


   Skills:
 + Level 8.6 Fighting
 - Level 8.0 Short Blades
 - Level 1.7 Throwing
 - Level 5.0 Dodging
 - Level 6.0 Stealth
 - Level 7.0 Invocations
 + Level 1.4 Evocations


You had 9 spell levels left.
You didn't know any spells.
Your spell library contained the following spells:

 Spells                   Type           Power      Damage    Failure   Level
 Apportation              Tloc           0%         N/A       65%         1
 Necrotise                Necr           0%         1d4       65%         1
 Sting                    Conj/Alch      0%         1d3       65%         1
 Summon Small Mammal      Summ           0%         N/A       65%         1
 Jinxbite                 Hex            0%         N/A       80%         2
 Tukima's Dance           Hex            0%         N/A       95%         3
 Volatile Blastmotes      Fire/Tloc      0%         2d10      95%         3
 Animate Dead             Necr           0%         N/A       100%        4
 Dimensional Bullseye     Hex/Tloc       0%         N/A       100%        4
 Fulminant Prism          Conj/Alch      0%         3d5       100%        4
 Iskenderun's Mystic Bla  Conj/Tloc      0%         2d3       100%        4
 Alistair's Intoxication  Alch           0%         N/A       100%        5
 Haunt                    Necr/Summ      0%         N/A       100%        7
 Infestation              Necr           0%         N/A       100%        8

Inventory:

Hand Weapons
 a - a +3 dagger (weapon)
Missiles
 d - 24 poisoned darts
 e - a curare-tipped dart (quivered) {=f}
 i - a throwing net {=f}
Armour
 c - a +0 cloak (worn)
 g - a +0 helmet (worn)
 h - a +2 ring mail of willpower (worn)
 u - a +0 pair of gloves (worn)
Jewellery
 v - a ring of see invisible
 B - the ring of Fedhas's Inspiration (right hand) {rPois Will+++ rCorr MP+9 Int-2}
   (You acquired it on level 6 of the Dungeon)

   [ring of resist corrosion]

   Int-2:     It affects your intelligence (-2).
   rPois:     It protects you from poison Will+++: It greatly increases your
   willpower.
   MP+9:      It affects your magic capacity (+9).
   rCorr:     It protects you from acid and corrosion.
 E - a +5 ring of evasion (left hand)
 F - the amulet of Tuwk (around neck) {RegenMP MP+9 Str-2 Slay+2}
   (You found it on level 7 of the Dungeon)

   [amulet of magic regeneration]

   RegenMP:   It increases your rate of magic regeneration.
   Str-2:     It affects your strength (-2).
   Slay+2:    It affects your accuracy & damage with ranged weapons and melee
   (+2).
   MP+9:      It affects your magic capacity (+9).
Wands
 m - a wand of iceblast (5)
 x - a wand of flame (35)
Scrolls
 b - a scroll of amnesia {unknown}
 l - a scroll of fear
 n - a scroll of teleportation {@r2}
 p - a scroll of revelation
 q - 2 scrolls of enchant weapon
 r - 2 scrolls of noise {unknown}
 w - a scroll of blinking {unknown}
 z - a scroll of poison {unknown}
 A - a scroll of summoning {unknown}
Potions
 f - 2 potions of curing {@q1}
 k - 3 potions of enlightenment
 o - 3 potions of lignification
 s - 3 potions of haste {@q3}
 t - 2 potions of mutation
 y - a potion of berserk rage {!q}
 C - a potion of invisibility
 D - 2 potions of cancellation
Miscellaneous
 j - a phantom mirror

Dungeon Overview and Level Annotations

Branches:
Dungeon (9/15)             Temple (1/1) D:5
   Lair: D:8-11         Orc: D:9-12

Altars:
Dithmenos
Elyvilon
Fedhas
Gozag
Hepliaklqana
Kikubaaqudgha
Makhleb
Nemelex Xobeh
Okawaru
Qazlal
Ru
Sif Muna
Trog
Vehumet
Wu Jian
Xom
Yredelemnul
Zin
The Shining One

Shops:
D:3 =   D:5 *   D:6 **(   D:7 [

Annotations:
D:8 2 transporters

'.........#...░ ..#
#.........#..░░░░░░░..#
#........{o...░.......#
#.........#..o.░......#
#......<..#..)........#
###'############o.....#
#...# #.###### ###.#
#o# #####.## #@#
#....<.# #.# #......#
#.# #......# #.#
#......# #.# .......#
#.# #......# #.#
#......# #.# ####>###
#.#


You could see an orc warrior (very poisoned, slow) and an orc.


Message History

Your bite misses the acid dragon.
The acid dragon is almost dead.
The acid dragon bites you!
* * * LOW HITPOINT WARNING * * *
The acid dragon barely misses you.
The orc warrior hits you from afar with a +0 glaive!!
* * * LOW HITPOINT WARNING * * *
The acid dragon spits acid at you. The splash of acid hits you. You resist.
* * * LOW HITPOINT WARNING * * *
Unknown command.
Aiming: Iceblast
Press: ? - help, Shift-Dir - straight line, f - acid dragon
Aim: an acid dragon (almost dead, catching its breath)
The mass of ice explodes!
The iceblast engulfs the acid dragon!
You kill the acid dragon!
The acid dragon scales are intact enough to wear.
The iceblast engulfs the orc warrior!
The orc warrior is moderately wounded.
Throw: 2 darts (curare) {=f}
Press: ? - help, Q - select action, (/) - cycle Shift-Dir - straight line, f - orc warrior
Aim: an orc warrior, wielding a +0 glaive and wearing a +0 plate armour (moderately wounded, 65% to hit)
You throw a curare-tipped dart {=f}.
The curare-tipped dart {=f} hits the orc warrior.
The orc warrior is poisoned.
The orc warrior struggles to breathe.
The orc warrior seems to slow down.
The orc warrior is severely wounded.
Unknown command.
The orc warrior hits you with a +0 glaive!!
You die...

Skill      XL: |  1  2  3  4  5  6  7  8  9 10 |
---------------+-------------------------------+-----
Fighting       | 2 3 4 6 7 8 |  8.6
Short Blades   | 3 4 5 8 |  8.0
Stealth        | 6 |  6.0
Invocations    | 4 7 |  7.0
Dodging        | 4 5 |  5.0
Evocations     | 1 |  1.4
Throwing       | |  1.7

Action                     |  1- 3 |  4- 6 |  7- 9 | 10-12 || total
---------------------------+-------+-------+-------+-------++-------
  Melee: Dagger            |    92 |   205 |   406 |   175 ||   878
         Bite              |    23 |    65 |   145 |    61 ||   294
         Punch             |     1 |     2 |     9 |     3 ||    15
  Throw: Dart              |       |       |     2 |     1 ||     3
  Evoke: Wand              |       |       |     2 |     1 ||     3
    Use: Scroll            |       |       |    12 |     4 ||    16
         Potion            |       |       |     1 |     1 ||     2
   Stab: Sleeping          |    13 |    10 |     7 |       ||    30
         Distracted        |       |       |       |     1 ||     1
 Armour: Leather armour    |    10 |       |       |       ||    10
         Ring mail         |    34 |   110 |   208 |    81 ||   433
  Dodge: Dodged            |    45 |    64 |   239 |   132 ||   480

Levels and vault maps discovered:
D:1:      dpeg_arrival_lava_altar, layout_loops_ring, nicolae_figureground_pulse
D:2:      layout_basic, kennysheep_donut, minmay_split_cup_small
D:3:      kennysheep_slugbush, layout_basic, marbit_many_paths,
          mainiacjoe_overflow_divided_tiny, serial_shops, shop,
          solitary_fountain
D:4:      layout_layer_cave
D:5:      layout_loops_corners, old_standard_altar,
          minmay_temple_entry_overgrown, serial_shops,
          nicolae_inconvenience_store, chequers_serial_rivers_large_b,
          uniq_grinder
D:6:      layout_rooms, mainiacjoe_overflow_paths, serial_shops,
          nicolae_shop_real_fake_doors, nicolae_wooded_promenade,
          minmay_misc_feat_cross
D:7:      layout_basic, nicolae_overflow_hidden_temple, serial_shops,
          nicolae_shop_overgrown_old_shop, minivault_11, minmay_the_grid_2x2
          [minmay_the_grid_expand, minmay_the_grid_medium_cups,
          minmay_the_grid_rooms, minmay_the_grid_prize_trominoes]
D:8:      gammafunk_beogh_shrine, layout_basic, nzn_wu_jian_council_hall,
          grunt_gozag_breadcrumbs, general_overflow_altar,
          amcnicky_altar_gilded, chequers_decorated_corner, chequers_mini_garden
D:9:      layout_roguey, mainiacjoe_overflow_alcove_2, hangedman_ru_absence,
          serial_shops, nicolae_shop_advertising_works
          [nicolae_subvault_shop_adworks]
Temple:   hellmonk_temple_flake

Notes
Turn   | Place    | Note
-------+----------+-------------------------------------------
     0 | D:1      | WickedWhimsy the Vine Stalker Brigand began the quest for
                  | the Orb.
     0 | D:1      | Reached XP level 1. HP: 11/11 MP: 2/2
   113 | D:1      | Reached skill level 2 in Fighting
   127 | D:1      | Reached XP level 2. HP: 13/16 MP: 0/3
   531 | D:1      | Reached skill level 3 in Fighting
   780 | D:1      | Found an iron altar of Okawaru.
   814 | D:2      | Reached XP level 3. HP: 20/20 MP: 2/4
   858 | D:2      | Reached skill level 2 in Short Blades
  1406 | D:2      | Reached skill level 3 in Short Blades
  1406 | D:2      | Reached XP level 4. HP: 24/24 MP: 5/5
  1592 | D:3      | Found Mahyaxong's Jewellery Shoppe.
  1694 | D:3      | Reached XP level 5. HP: 28/28 MP: 6/6
  1709 | D:3      | Reached skill level 4 in Short Blades
  1723 | D:3      | Reached skill level 5 in Stealth
  1820 | D:3      | Reached skill level 6 in Stealth
  1943 | D:3      | Reached XP level 6. HP: 32/32 MP: 7/7
  2192 | D:3      | Found a shadowy altar of Dithmenos.
  2192 | D:3      | Found a burning altar of Makhleb.
  2341 | D:3      | Found a stormy altar of Qazlal.
  2624 | D:4      | Reached skill level 4 in Fighting
  2732 | D:4      | Reached XP level 7. HP: 38/38 MP: 8/8
  2759 | D:4      | Reached skill level 5 in Fighting
  3707 | D:5      | Entered Level 5 of the Dungeon
  3707 | D:5      | Found Leux's General Store.
  3776 | D:5      | Reached skill level 6 in Fighting
  4055 | D:5      | Noticed Grinder
  4064 | D:5      | Killed Grinder
  4065 | D:5      | Reached skill level 5 in Short Blades
  4065 | D:5      | Gained mutation: You have razor-sharp teeth. [Vine Stalker
                  | growth]
  4065 | D:5      | Reached XP level 8. HP: 45/45 MP: 9/9
  4142 | D:5      | Found a shimmering altar of Xom.
  4252 | D:5      | Found a staircase to the Ecumenical Temple.
  4334 | Temple   | Entered the Ecumenical Temple
  4350 | Temple   | Became a worshipper of Hepliaklqana the Forgotten
  4881 | D:6      | Reached skill level 1 in Invocations
  5021 | D:6      | Found Ucunurph's General Store.
  5024 | D:6      | Reached skill level 7 in Fighting
  5024 | D:6      | Reached skill level 2 in Invocations
  5024 | D:6      | Found Xafecucw's Assorted Antiques.
  5024 | D:6      | Found Qofod's Weapon Emporium.
  5032 | D:6      | Bought a moonstone ring for 145 gold pieces
  5032 | D:6      | Bought a scroll of identify for 58 gold pieces
  5032 | D:6      | Bought a scroll labelled YPHOIH SIPP for 29 gold pieces
  5032 | D:6      | Bought a scroll labelled DIHEHOF TAGIOFF for 29 gold pieces
  5073 | D:6      | Found a bloodstained altar of Trog.
  5202 | D:6      | Reached skill level 3 in Invocations
  5330 | D:6      | Found Pycopian's Antique Weapon Shoppe.
  5522 | D:6      | Bought a scroll of identify for 20 gold pieces
  5522 | D:6      | Bought a scroll of identify for 20 gold pieces
  5526 | D:6      | Identified 2 scrolls of acquirement
  5526 | D:6      | Acquired the ring of Fedhas's Inspiration {rPois Will+++
                  | rCorr MP+9 Int-2}
  5529 | D:6      | Acquired 552 gold pieces
  5609 | D:3      | Bought a +5 ring of evasion for 432 gold pieces
  5665 | D:7      | Found Newn's Antique Armour Shop.
  5801 | D:7      | Reached * piety under Hepliaklqana
  5916 | D:7      | Noticed a wyvern
  5919 | D:7      | Killed a wyvern
  5920 | D:7      | Reached skill level 4 in Invocations
  5920 | D:7      | Reached XP level 9. HP: 45/45 MP: 13/13
  5984 | D:7      | Reached skill level 8 in Fighting
  5984 | D:7      | Reached skill level 1 in Dodging
  6073 | D:7      | Noticed a hornet
  6094 | D:7      | Found a shimmering blue altar of Sif Muna.
  6139 | D:8      | Reached skill level 5 in Invocations
  6252 | D:8      | Reached skill level 2 in Dodging
  6299 | D:8      | Found a basalt altar of Yredelemnul.
  6419 | D:8      | Found a white marble altar of Elyvilon.
  6439 | D:8      | Reached skill level 3 in Dodging
  6576 | D:8      | Reached skill level 6 in Invocations
  6747 | D:8      | Found an ornate altar of the Wu Jian Council.
  6859 | D:7      | Noticed a hornet
  6868 | D:7      | Killed a hornet
  6899 | D:7      | Reached skill level 4 in Dodging
  6962 | D:7      | Killed a hornet
  6963 | D:7      | Reached skill level 7 in Invocations
  6963 | D:7      | Reached XP level 10. HP: 49/50 MP: 16/16
  6971 | D:7      | Reached skill level 5 in Dodging
  7074 | D:7      | Noticed a deep elf pyromancer
  7075 | D:7      | Noticed a manticore
  7080 | D:7      | Reached skill level 6 in Short Blades
  7088 | D:7      | Killed a manticore
  7098 | D:7      | Reached skill level 7 in Short Blades
  7113 | D:7      | Killed a deep elf pyromancer
  7183 | D:7      | Reached skill level 8 in Short Blades
  7192 | D:7      | Identified the +7 broad axe of War {flame, rF++ Int+2
                  | Stlth+}
  7508 | D:7      | Identified the amulet of Tuwk {RegenMP MP+9 Str-2 Slay+2}
  7679 | D:8      | Found a transporter.
  7749 | D:8      | Found an opulent altar of Gozag.
  7792 | D:8      | Found a transporter.
  7893 | D:8      | Noticed an orc knight
  8119 | D:8      | Reached ** piety under Hepliaklqana
  8228 | D:9      | Found a sacrificial altar of Ru.
  8498 | D:9      | Reached skill level 1 in Evocations
  8645 | D:9      | Slain by an orc warrior

Vanquished Creatures
  A deep elf pyromancer (D:7)
  A manticore (D:7)
  A troll (D:7)
  Grinder (D:5)
  2 hornets (D:7)
  A slime creature (D:7)
  A wyvern (D:7)
  An acid dragon (D:9)
  4 water moccasins (D:7)
  An orc warrior (D:7)
  2 sky beasts (D:7)
  2 ice beasts (D:7)
  2 black bears
  An ogre (D:5)
  4 centaurs
  2 gnoll sergeants
  6 bullfrogs
  A kobold brigand (D:7)
  3 scorpions
  3 wights (D:8)
  2 electric eels (D:6)
  A howler monkey (D:6)
  4 orc priests
  A bombardier beetle (D:7)
  2 jellies
  3 sleepcaps
  3 iguanas
  6 orc wizards
  9 adders
  8 gnolls
  A white imp (D:6)
  15 dart slugs
  4 ribbon worms
  27 orcs
  7 bats
  5 endoplasms
  5 giant cockroaches
  9 goblins
  11 hobgoblins
  6 quokkas
  7 ball pythons
  2 frilled lizards
  3 kobolds
  5 rats
186 creatures vanquished.

Vanquished Creatures (collateral kills)
  A wyvern (D:7)
  An acid dragon (D:7)
  2 wights (D:8)
  A howler monkey (D:7)
  2 orc wizards (D:8)
  An ufetubus (D:7)
  An orc (D:8)
9 creatures vanquished.

Vanquished Creatures (others)
  An orc wizard (D:3)
  3 ancestors (D:7)
4 creatures vanquished.

Grand Total: 199 creatures vanquished

Table legend: (Time is in decaauts)
 A = Elapsed time spent in this place.
 B = Non-inter-level travel time spent in this place.
 C = Inter-level travel time spent in this place.
 D = Time resting spent in this place.
 E = Time spent auto-exploring this place.
 F = Levels seen in this place.
 G = Mean time per level.
                   A        B        C        D        E       F      G
               +--------+--------+--------+--------+--------+-----+--------+
         Total |   8503 |   8043 |    460 |    419 |   5903 |  10 |  850.3 |
       Dungeon |   8475 |   8037 |    438 |    419 |   5903 |   9 |  941.7 |
        Temple |     27 |      6 |     21 |      0 |      0 |   1 |   27.0 |
               +--------+--------+--------+--------+--------+-----+--------+

Top non-repeatable levels by time:
     D:8: 1373 daAuts
     D:7: 1168 daAuts
     D:5: 1162 daAuts
     D:4: 1151 daAuts
     D:3: 1000 daAuts
     D:1: 802 daAuts
     D:2: 791 daAuts
     D:6: 727 daAuts
     D:9: 297 daAuts
  Temple: 27 daAuts

Table legend:
 A = Non-vault XP
 B = Vault XP
 C = Vault XP percentage of total XP
 D = Non-vault monster count
 E = Vault monster count
 F = Vault count percentage of total count
                 A         B        C        D         E       F
            +---------+---------+-------+---------+---------+-------
      Total |    4016 |    4325 |  51.9 |     152 |      44 |  22.4
            +---------+---------+-------+---------+---------+-------
        D:1 |      32 |       0 |   0.0 |      17 |       0 |   0.0
        D:2 |      62 |       7 |  10.1 |      21 |       3 |  12.5
        D:3 |     229 |      45 |  16.4 |      29 |      12 |  29.3
        D:4 |     373 |       0 |   0.0 |      23 |       0 |   0.0
        D:5 |     427 |     286 |  40.1 |      16 |       1 |   5.9
        D:6 |     515 |       0 |   0.0 |      13 |       0 |   0.0
        D:7 |     948 |    3987 |  80.8 |       6 |      28 |  82.4
        D:8 |    1080 |       0 |   0.0 |      23 |       0 |   0.0
        D:9 |     350 |       0 |   0.0 |       4 |       0 |   0.0
            +---------+---------+-------+---------+---------+-------
